 Dungeon Crawl Stone Soup version 0.29-a0-823-gc37b1572da (webtiles) character file.

Game seed: 8017757551584358045

8889 zishaf the Skirmisher (level 10, -6/95 HPs)
             Began as a Demigod Hunter on July 8, 2022.
             Killed from afar by a gargoyle (14 damage)
             ... with a stone arrow
             ... on level 11 of the Dungeon.
             The game lasted 00:13:22 (11988 turns).

zishaf the Skirmisher (Demigod Hunter)             Turns: 11988, Time: 00:13:22

Health: -6/95      AC: 10    Str: 12    XL:     10   Next: 94%
Magic:  13/13      EV: 11    Int: 11    God:
Gold:   571        SH:  0    Dex: 29    Spells: 9/9 levels left

rFire   + . .      SeeInvis +   a - +9 sling "Tysij" {flame, rElec rF+ SInv}
rCold   . . .      Faith    .   (no shield)
rNeg    + . .      Spirit   .   e - +0 ring mail
rPois   +          Reflect  .   m - +0 helmet
rElec   +          Harm     .   F - +0 cloak
rCorr   .          Rampage  .   y - +1 pair of gloves
Will    +....                   c - +0 pair of boots
Stlth   ++........              (no amulet)
HPRegen 0.25/turn               p - ring of poison resistance
MPRegen 0.13/turn               f - ring of positive energy

@: no status effects
A: high MP 1, forlorn, divine attributes
a: no special abilities


You were on level 11 of the Dungeon.
You visited 1 branch of the dungeon, and saw 11 of its levels.
You also visited: Sewer.

You collected 571 gold pieces.

Inventory:

Hand Weapons
 a - the +9 sling "Tysij" (weapon) {flame, rElec rF+ SInv}
   (You found it on level 3 of the Dungeon)

   Any ammunition fired from it burns those it strikes, dealing additional fire
   damage.
   rF:        It protects you from fire.
   rElec:     It insulates you from electricity.
   SInv:      It lets you see invisible.
 b - a +3 short sword of electrocution
 u - a +0 shortbow
Missiles
 z - 2 throwing nets
Armour
 c - a +0 pair of boots (worn)
 e - a +0 ring mail (worn)
 m - a +0 helmet (worn)
 y - a +1 pair of gloves (worn)
 F - a +0 cloak (worn)
Jewellery
 f - a ring of positive energy (right hand)
 o - a +6 ring of intelligence
 p - a ring of poison resistance (left hand)
 t - a ring of ice
 A - a ring of magical power
 C - a ring of ice
Wands
 i - a wand of iceblast (10)
 n - a wand of acid (10)
 K - a wand of flame (12)
Scrolls
 d - 3 scrolls of magic mapping
 q - 3 scrolls of blinking
 x - 2 scrolls of teleportation
 E - a scroll of enchant armour
 G - 2 scrolls of fear
 I - a scroll of immolation
 L - a scroll of amnesia
 M - a scroll of identify
Potions
 g - 2 potions of ambrosia {unknown}
 h - a potion of berserk rage
 j - 5 potions of lignification
 k - 2 potions of degeneration {unknown}
 l - 2 potions of haste
 r - 2 potions of attraction
 s - 9 potions of curing
 v - 2 potions of magic {unknown}
 w - 3 potions of flight
 B - a potion of mutation {unknown}
 D - 4 potions of might
 H - 2 potions of cancellation {unknown}
 J - a potion of brilliance {unknown}


   Skills:
 + Level 11.1 Fighting
 + Level 11.5 Ranged Weapons
 - Level 1.7 Dodging
 - Level 0.8 Stealth
 - Level 4.0 Evocations


You had 9 spell levels left.
You didn't know any spells.
Your spell library contained the following spells:

 Spells                   Type           Power      Damage    Failure   Level
 Apportation              Tloc           0%         N/A       63%         1
 Necrotise                Necr           0%         1d4       63%         1
 Summon Small Mammal      Summ           0%         N/A       63%         1
 Ensorcelled Hibernation  Hex/Ice        0%         N/A       77%         2
 Passwall                 Tmut/Erth      0%         N/A       77%         2
 Sublimation of Blood     Necr           0%         N/A       77%         2
 Wereblood                Tmut           0%         N/A       77%         2
 Gell's Gravitas          Tloc           0%         N/A       94%         3
 Lesser Beckoning         Tloc           0%         N/A       94%         3
 Spider Form              Tmut/Pois      0%         N/A       94%         3
 Swiftness                Air            0%         N/A       94%         3
 Teleport Other           Tloc           0%         N/A       94%         3
 Anguish                  Hex/Necr       0%         N/A       100%        4
 Passage of Golubria      Tloc           0%         N/A       100%        4
 Silence                  Hex/Air        0%         N/A       100%        5
 Summon Hydra             Summ           0%         N/A       100%        7
 Lehudib's Crystal Spear  Conj/Erth      0%         10d2      100%        8


Dungeon Overview and Level Annotations

Branches:
Dungeon (11/15)            Temple (0/1) D:4            Lair (0/6) D:9
  Sewer (visited)
    Orc: D:9-12

Annotations:
D:5 exclusion: upstairs


Innate Abilities, Weirdness & Mutations

You have an increased reservoir of magic. (+10% MP)
You shall have no god before yourself.
Your divine heritage dramatically boosts your attributes as you level up.


Message History

You shoot a sling bullet.
The sling bullet hits the gargoyle but does no damage.
You shoot a sling bullet.
The sling bullet hits the gargoyle but does no damage.
The gargoyle completely misses you.
You shoot a sling bullet.
The sling bullet hits the gargoyle but does no damage.
The gargoyle hits you with a +0 mace!
You shoot a sling bullet.
The sling bullet hits the gargoyle but does no damage.
The gargoyle hurls a stone arrow at you.
The stone arrow misses you.
You shoot a sling bullet.
The sling bullet hits the gargoyle but does no damage.
The gargoyle hurls a stone arrow at you.
The stone arrow hits you!
You shoot a sling bullet.
The sling bullet completely misses the gargoyle.
The gargoyle hits you with a +0 mace!
You shoot a sling bullet.
The sling bullet hits the gargoyle but does no damage.
The gargoyle hurls a stone arrow at you.
The stone arrow hits you!
You are too injured to fight recklessly!
You are too injured to fight recklessly!
Things that are here:
a +0 flail; an orc skeleton The gargoyle attacks as you move away!
The gargoyle closely misses you. The gargoyle attacks as you move away!
The gargoyle hits you with a +0 mace!
* * * LOW HITPOINT WARNING * * *
The gargoyle attacks as you move away!
The gargoyle hits you but does no damage.
The gargoyle hurls a stone arrow at you.
The stone arrow hits you!!
* * * LOW HITPOINT WARNING * * *
Things that are here:
a +0 dagger; a +0 robe The gargoyle hurls a stone arrow at you.
The stone arrow hits you!
You die...

### .... .... ...
#.# #.##########
#######.()@.......
..........).......
..........########
######..9######
########..........
..................
..................
#######..#########
#..#


You could see a gargoyle.

Vanquished Creatures
  Harold (D:8)
  A cyclops (D:11)
  2 ugly things
  A gargoyle (D:10)
  A komodo dragon (D:9)
  4 trolls
  A hornet (D:7)
  7 yaks
  A steam dragon (D:8)
  A water moccasin (D:8)
  5 black bears
  A sky beast (D:6)
  An ice beast (D:5)
  2 orc warriors
  5 centaurs
  3 phantoms
  3 kobold brigands
  7 bullfrogs
  4 scorpions
  A gnoll sergeant (D:9)
  A wight (D:8)
  12 killer bees
  7 howler monkeys
  2 lava snakes (D:7)
  A jelly (D:5)
  7 orc priests
  A gnoll bouda (D:8)
  8 hounds
  3 iguanas
  6 orc wizards
  15 gnolls
  8 adders
  6 river rats
  A shadow imp (D:7)
  4 white imps
  3 worms (D:4)
  2 dart slugs
  27 orcs
  5 ball pythons
  7 endoplasms
  7 giant cockroaches
  8 goblins
  5 hobgoblins
  11 jackals
  27 kobolds
  4 quokkas
  12 bats
  2 frilled lizards
  6 rats
260 creatures vanquished.

Vanquished Creatures (others)
  A wizard (D:8)
  A yak (D:10)
  A bush (D:8)
  27 fungi (D:9)
  10 plants (D:9)
40 creatures vanquished.

Grand Total: 300 creatures vanquished

Notes
Turn   | Place    | Note
-------+----------+-------------------------------------------
     0 | D:1      | zishaf the Demigod Hunter began the quest for the Orb.
     0 | D:1      | Reached XP level 1. HP: 17/17 MP: 3/3
   228 | D:1      | Reached XP level 2. HP: 24/24 MP: 4/4
  1003 | D:2      | Reached XP level 3. HP: 30/30 MP: 5/5
  1917 | D:2      | Reached XP level 4. HP: 38/38 MP: 6/6
  2086 | D:3      | Identified the +9 sling "Tysij" {flame, rElec rF+ SInv}
  2677 | D:4      | Noticed a phantom
  2685 | D:4      | Killed a phantom
  2686 | D:4      | Reached skill level 5 in Ranged Weapons
  2686 | D:4      | Reached XP level 5. HP: 44/46 MP: 7/7
  2744 | D:4      | Found a glowing drain.
  2751 | Sewer    | Entered a sewer
  2811 | Sewer    | Reached XP level 6. HP: 53/53 MP: 8/8
  3163 | D:4      | Found a staircase to the Ecumenical Temple.
  3276 | D:4      | Reached skill level 5 in Fighting
  4083 | D:5      | Entered Level 5 of the Dungeon
  4086 | D:5      | Reached XP level 7. HP: 61/61 MP: 9/9
  5030 | D:5      | Reached XP level 8. HP: 71/71 MP: 10/10
  5994 | D:7      | Noticed a hornet
  5997 | D:7      | Killed a hornet
  5998 | D:7      | Reached skill level 1 in Evocations
  6337 | D:7      | Reached XP level 9. HP: 81/81 MP: 11/11
  7119 | D:8      | Noticed a wizard
  7124 | D:8      | Killed a wizard
  7797 | D:9      | Found a staircase to the Lair.
  7803 | D:9      | Noticed a komodo dragon
  7865 | D:9      | Noticed a green ugly thing
  7869 | D:9      | Killed a komodo dragon
  7897 | D:7      | Killed a green ugly thing
  8267 | D:8      | Reached skill level 10 in Ranged Weapons
  8279 | D:9      | Reached XP level 10. HP: 91/91 MP: 13/13
  8297 | D:9      | Noticed Harold
  9122 | D:8      | Killed Harold
  9123 | D:8      | Reached skill level 10 in Fighting
 10360 | D:9      | Identified the +1 falchion of Dovinok {flame, rF+ Str-4
                  | Int+3}
 10667 | D:9      | Noticed a cyan ugly thing
 10677 | D:9      | Killed a cyan ugly thing
 10796 | D:10     | Entered Level 10 of the Dungeon
 11468 | D:11     | Noticed a cyclops
 11475 | D:11     | Killed a cyclops
 11988 | D:11     | Killed from afar by a gargoyle

Illustrated notes

Levels and vault maps discovered:
D:1:      minmay_arrival_five_plusses, layout_loops_corners, minmay_domino_2
D:2:      layout_loops_ring, chequers_serial_rivers_large_a,
          minmay_goblin_outpost
D:3:      layout_basic
D:4:      layout_loops_corners, nicolae_overflow_hidden_temple,
          minmay_temple_entry_sparse_star, lightli_sewer_entry_pipes,
          minmay_stone_trees_medium, chequers_serial_rivers_micro_a,
          chequers_arboretum, kennysheep_diamond
D:5:      layout_cave_pods, minmay_misc_feat_secret_circle, water_boxes_lemuel
D:6:      layout_rooms, hangedman_ru_absence, mainiacjoe_overflow_big_doors
D:7:      layout_basic, kennysheep_another_room
D:8:      layout_gridville, lemuel_round_altar, trog_wizard,
          minmay_misc_feat_columns, kb_lookout_dungeons_type
D:9:      old_forge, layout_cave_pools, due_lair_maze_entry_diamond,
          small_chamber_with_monster, uniq_harold
D:10:     layout_gridville, lemuel_flame_loot_1
D:11:     layout_long_grid, fedhas_altar_4

Skill      XL: |  1  2  3  4  5  6  7  8  9 10 |
---------------+-------------------------------+-----
Fighting       | 2 3 4 5 6 8 9 11 | 11.1
Ranged Weapons | 4 5 6 7 8 10 11 | 11.5
Evocations     | 2 4 |  4.0
Dodging        | |  1.7
Stealth        | |  0.8

Action                   |  1- 3 |  4- 6 |  7- 9 | 10-12 || total
-------------------------+-------+-------+-------+-------++-------
Melee: Short sword       |       |       |     6 |     9 ||    15
 Fire: Shortbow          |   134 |    12 |       |       ||   146
       Sling             |       |   109 |   245 |   178 ||   532
  Use: Scroll            |       |     1 |    13 |     3 ||    17
       Potion            |       |       |     2 |       ||     2
Armor: Leather armour    |    14 |     2 |     1 |       ||    17
       Ring mail         |       |       |    52 |    48 ||   100
Dodge: Dodged            |    51 |    13 |    86 |    74 ||   224

Table legend: (Time is in decaauts)
 A = Elapsed time spent in this place.
 B = Non-inter-level travel time spent in this place.
 C = Inter-level travel time spent in this place.
 D = Time resting spent in this place.
 E = Time spent auto-exploring this place.
 F = Levels seen in this place.
 G = Mean time per level.
                   A        B        C        D        E       F      G
               +--------+--------+--------+--------+--------+-----+--------+
         Total |  12164 |  11729 |    435 |   3100 |   7029 |  12 | 1013.7 |
       Dungeon |  12012 |  11577 |    435 |   3100 |   6914 |  11 | 1092.0 |
         Sewer |    151 |    151 |      0 |      0 |    114 |   1 |  151.0 |
               +--------+--------+--------+--------+--------+-----+--------+

Top non-repeatable levels by time:
     D:8: 2435 daAuts
     D:4: 1485 daAuts
     D:7: 1293 daAuts
     D:5: 1258 daAuts
     D:9: 1126 daAuts
    D:10: 1126 daAuts
     D:1: 1054 daAuts
     D:2: 1041 daAuts
     D:3: 625 daAuts
     D:6: 497 daAuts
   Sewer: 151 daAuts
    D:11: 66 daAuts
